 Dungeon Crawl Stone Soup version 0.30.0 (webtiles) character file.

Game seed: 16013798969544064826

9 Dani the Trooper (level 2, 24/24 HPs)
             Began as a Demonspawn Fighter on May 20, 2023.
             Quit the game on level 1 of the Dungeon.
             The game lasted 00:00:20 (112 turns).

Dani the Trooper (Demonspawn Fighter)                Turns: 112, Time: 00:00:20

Health: 24/24      AC:  7    Str: 16    XL:     2   Next: 3%
Magic:  2/2        EV:  8    Int:  9    God:
Gold:   0          SH:  4    Dex: 12    Spells: 1/1 levels left

rFire   . . .        a - +0 war axe
rCold   . . .        c - +0 buckler
rNeg    . . .        b - +0 scale mail
rPois   .            (no helmet)
rElec   .            (no cloak)
rCorr   .            (no gloves)
SInv    .            (no boots)
Will    .....        (no amulet) Stlth
                     (no ring)
HPRegen 0.24/turn    (no ring)
MPRegen 0.08/turn

%: no passive effects
@: no status effects
A: sharp scales 1
a: no special abilities


You were on level 1 of the Dungeon.
You visited 1 branch of the dungeon, and saw 1 of its levels.

Inventory:

Hand Weapons
 a - a +0 war axe (weapon)
Armour
 b - a +0 scale mail (worn)
 c - a +0 buckler (worn)
Potions
 d - a potion of might
 e - 2 potions of curing {unknown}
 f - a potion of lignification {unknown}


   Skills:
 - Level 3.0 Fighting
 + Level 2.5 Axes
 - Level 2.6 Armour
 - Level 2.6 Shields


You had one spell level left.
You didn't know any spells.
Your spell library was empty.

Dungeon Overview and Level Annotations

Branches:
Dungeon (1/15)

Altars:


Innate Abilities, Weirdness & Mutations

You are partially covered in razor-sharp scales. (AC +1, Slay +1)


Message History

A rat comes into view.
The rat moves out of view.
A rat is nearby!
The rat bites you.
A rat is nearby!
You closely miss the rat. The rat bites you.
A rat is nearby!
You barely miss the rat. The rat bites you. The rat barely misses you.
A rat is nearby!
You barely miss the rat. You block the rat's attack.
A rat is nearby!
You hit the rat.
The rat is heavily wounded.
The rat completely misses you. The rat barely misses you.
A rat is nearby!
You hit the rat.
You kill the rat!
HP restored.
There is a stone staircase leading down here.
Key pressed, stopping explore.
No target in view!
Key pressed, stopping explore.
No target in view!
A rat comes into view.
The rat moves out of view.
Found a murky red potion.
A rat is nearby!
The rat bites you but does no damage.
A rat is nearby!
You slash the rat!
You kill the rat!
Your Axes skill increases to level 2!
An endoplasm comes into view.
The endoplasm quivers.
An endoplasm is nearby!
A giant cockroach comes into view.
There are monsters nearby!
The endoplasm freezes you.
You are frozen.
There are monsters nearby!
There are monsters nearby!
You hit the endoplasm.
The endoplasm is lightly wounded.
The endoplasm freezes you.
You are frozen.
There are monsters nearby!
You hit the endoplasm but do no damage.
The endoplasm is lightly wounded.
The endoplasm hits you but does no damage.
There are monsters nearby!
You slash the endoplasm!
You kill the endoplasm!
You closely miss the giant cockroach. The giant cockroach barely misses you.
The giant cockroach bites you but does no damage.
A giant cockroach is nearby!
You hit the giant cockroach.
You kill the giant cockroach!
f - a murky red potion No target in view!
A hobgoblin comes into view.
Found a scroll labelled ZIUGI ETOCEHAMM.
The hobgoblin shouts!
You hear a shout!
A bat comes into view.
A kobold comes into view. It is wielding a +0 whip.
There are monsters nearby!
The bat hits you but does no damage.
There are monsters nearby!
A hobgoblin comes into view.
You block the hobgoblin's attack. The bat closely misses you.
There are monsters nearby!
You miss the bat.
The hobgoblin shouts!
You hit the kobold.
You kill the kobold!
You hit the hobgoblin.
You kill the hobgoblin!
The bat completely misses you. The bat barely misses you.
A frilled lizard comes into view.
The frilled lizard moves out of view.
There are monsters nearby!
You closely miss the bat. The bat hits you but does no damage.
The bat hits you.
There are monsters nearby!
You slash the bat!
You kill the bat!
There are monsters nearby!
There are monsters nearby!
You hit the hobgoblin.
The hobgoblin is heavily wounded.
You block the hobgoblin's attack.
The hobgoblin hits you but does no damage.
There are monsters nearby!
You slash the hobgoblin!
You kill the hobgoblin!
You have reached level 2!
Your demonic ancestry asserts itself...
Sharp scales grow over part of your body.
Autopickup is now off.
Unknown command.
Are you sure you want to abandon this character and quit the game? (Confirm with "yes".)

###########
#..........
#..........
############....l.....
#.................#
#.............@...#
#.............)...#
#.................#
###.................#
...................?#
###.................#
#.................+
#.................#
#.................#


You could see a frilled lizard.

Vanquished Creatures
  An endoplasm (D:1)
  A giant cockroach (D:1)
  2 hobgoblins (D:1)
  A bat (D:1)
  A frilled lizard (D:1)
  A kobold (D:1)
  2 rats (D:1)
9 creatures vanquished.

Notes
Turn   | Place    | Note
-------+----------+-------------------------------------------
     0 | D:1      | Dani the Demonspawn Fighter began the quest for the Orb.
     0 | D:1      | Reached XP level 1. HP: 18/18 MP: 1/1
    70 | D:1      | Reached skill level 2 in Axes
   112 | D:1      | Gained mutation: You are partially covered in razor-sharp
                  | scales. (AC +1, Slay +1) [demonic ancestry]
   112 | D:1      | Reached XP level 2. HP: 24/24 MP: 2/2
   112 | D:1      | Quit the game

Illustrated notes

Levels and vault maps discovered:
D:1:      eino_arrival_water_cross, layout_basic, minivault_25,
          kennysheep_another_room

Skill      XL: |  1 |
---------------+----+-----
Axes           | 2 |  2.5
Fighting       | |  3.0
Armour         | |  2.6
Shields        | |  2.6

Action                     || total
---------------------------++-------
  Melee: War axe           ||    20
 Armour: Scale mail        ||     8
  Dodge: Dodged            ||     8
  Block: Buckler           ||     5

Levels and vault maps discovered:
D:1:      eino_arrival_water_cross, layout_basic, minivault_25,
          kennysheep_another_room

Table legend: (Time is in decaauts)
 A = Elapsed time spent in this place.
 B = Non-inter-level travel time spent in this place.
 C = Inter-level travel time spent in this place.
 D = Time resting spent in this place.
 E = Time spent auto-exploring this place.
 F = Levels seen in this place.
 G = Mean time per level.
                   A        B        C        D        E       F      G
               +--------+--------+--------+--------+--------+-----+--------+
         Total |    120 |    120 |      0 |      0 |     69 |   1 |  120.0 |
       Dungeon |    120 |    120 |      0 |      0 |     69 |   1 |  120.0 |
               +--------+--------+--------+--------+--------+-----+--------+

Top non-repeatable levels by time:
     D:1: 120 daAuts

Table legend:
 A = Kills in this place as a percentage of kills in the entire game.
 B = Kills by you in this place as a percentage of kills by you in the entire game.
 C = Kills by friends in this place as a percentage of kills by friends in the entire game.
 D = Other kills in this place as a percentage of other kills in the entire game.
 E = Experience gained in this place as a percentage of experience gained in the entire game.
 F = Experience gained in this place divided by the number of levels of this place that you have seen.
                   A       B       C       D       E      F
               +-------+-------+-------+-------+-------+----------------------
         Total | 100.0 | 100.0 |   N/A |   N/A | 100.0 |  13.0
       Dungeon | 100.0 | 100.0 |   N/A |   N/A | 100.0 |  13.0
               +-------+-------+-------+-------+-------+----------------------
